 Dungeon Crawl Stone Soup version 0.31-a0-1227-g0136665373 (webtiles) character file.

Game seed: 16809200356607189749

16 nuclearunicorn7 the Trooper (level 2, 27/27 HPs)
             Began as a Minotaur Fighter on Dec 14, 2023.
             Quit the game on level 1 of the Dungeon.
             The game lasted 00:03:43 (545 turns).

nuclearunicorn7 the Trooper (Minotaur Fighter)       Turns: 545, Time: 00:03:44

Health: 27/27      AC:  7    Str: 20    XL:     2   Next: 37%
Magic:  1/1        EV:  9    Int:  5    God:
Gold:   31         SH:  4    Dex:  9    Spells: 1/1 levels left

rFire   . . .        a - +0 flail
rCold   . . .        c - +0 buckler
rNeg    . . .        f - +0 scale mail
rPois   .            (helmet restricted)
rElec   .            (no cloak)
rCorr   .            (no gloves)
SInv    .            (no boots)
Will    .....        (no amulet) Stlth
                     (no ring)
HPRegen 0.24/turn    (no ring)
MPRegen 0.07/turn

%: no passive effects
@: no status effects
A: horns 2, retaliatory headbutt
a: no special abilities


You were on level 1 of the Dungeon.
You visited 1 branch of the dungeon, and saw 1 of its levels.

You collected 31 gold pieces.

Inventory:

Hand Weapons
 a - a +0 flail (weapon)
 b - a +0 sling
Missiles
 g - a stone
Armour
 c - a +0 buckler (worn)
 f - a +0 scale mail (worn)
Scrolls
 e - 2 scrolls of teleportation {unknown}
 h - a scroll of identify {unknown}
Potions
 d - 2 potions of might


   Skills:
 + Level 3.9 Fighting
 + Level 2.8 Maces & Flails
 + Level 3.9 Armour
 + Level 3.9 Shields


You had one spell level left.
You didn't know any spells.
Your spell library was empty.

Dungeon Overview and Level Annotations

Branches:
Dungeon (1/15)

Altars:


Innate Abilities, Weirdness & Mutations

You have a pair of horns on your head.
You reflexively headbutt those who attack you in melee.


Message History

There is an open door here.
d - 2 potions of might (gained 1)
There is an open door here.
A hobgoblin comes into view.
Found a scroll labelled JAQOSH YSUMA.
The hobgoblin shouts!
The hobgoblin hits you but does no damage.
You sock the hobgoblin!
You kill the hobgoblin!
e - 2 scrolls labelled JAQOSH YSUMA (gained 1)
A kobold comes into view. It is wielding a +0 short sword.
The kobold shouts!
The kobold throws a stone.
The stone hits you but does no damage.
The kobold throws a stone.
The stone closely misses you. You block the kobold's attack.
You closely miss the kobold. You block the kobold's attack.
You hit the kobold but do no damage. You block the kobold's attack.
You closely miss the kobold. The kobold barely misses you.
You barely miss the kobold. You headbutt the kobold.
You kill the kobold!
Things that are here:
a +0 short sword; a stone; a kobold corpse
g - a stone
Found 4 poisoned darts.
h - a scroll labelled NIATIO YNUH A frilled lizard comes into view.
The frilled lizard hisses angrily.
You block the frilled lizard's attack.
You closely miss the frilled lizard.
The frilled lizard completely misses you.
You miss the frilled lizard. The frilled lizard barely misses you.
You completely miss the frilled lizard. The frilled lizard barely misses you.
The frilled lizard bites you but does no damage.
You barely miss the frilled lizard.
The frilled lizard bites you but does no damage.
You hit the frilled lizard.
You kill the frilled lizard!
You see here a frilled lizard corpse.
Found a stone staircase leading down.
Are you sure you want to abandon this character and quit the game? (Confirm with "yes".)

#######.#####
#.........# #>.
#.###.###.# #.#
###.# #.# #.# #.#
###
#.#.###.###.####.###
##.##
.#..##.............#
# ##.#.#
###....#....####.#.#
.# ##.###.
.#.###...####
#.#.###.# #.## ##
#.# #.....#
###@......# ###.###.
## ##...##
#.......### #....#..
##.## #.###.#.##
#.###.## #.# #.#
#....# #.###.## #.#
#.#####..# #.##..##
##'## #........#
#.##.### ##...##
########.# #.##†# #
##.....## ### #.#
#.##.### ##.......##
##.###.# #.......


There were no monsters in sight!

Vanquished Creatures
  A dart slug (D:1)
  A ball python (D:1)
  5 bats (D:1)
  An endoplasm (D:1)
  A hobgoblin (D:1)
  A kobold (D:1)
  A quokka (D:1)
  A frilled lizard (D:1)
12 creatures vanquished.

Notes
Turn   | Place    | Note
-------+----------+-------------------------------------------
     0 | D:1      | nuclearunicorn7 the Minotaur Fighter began the quest for
                  | the Orb.
     0 | D:1      | Reached XP level 1. HP: 19/19 MP: 0/0
   221 | D:1      | Reached XP level 2. HP: 27/27 MP: 1/1
   545 | D:1      | Quit the game

Illustrated notes

Levels and vault maps discovered:
D:1:      nicolae_arrival_memento_mori, layout_loops_corners

Action                     || total
---------------------------++-------
  Melee: Flail             ||    22
         Headbutt          ||     2
 Armour: Scale mail        ||    15
  Dodge: Dodged            ||    14
  Block: Buckler           ||    10

Table legend: (Time is in decaauts)
 A = Elapsed time spent in this place.
 B = Non-inter-level travel time spent in this place.
 C = Inter-level travel time spent in this place.
 D = Time resting spent in this place.
 E = Time spent auto-exploring this place.
 F = Levels seen in this place.
 G = Mean time per level.
                   A        B        C        D        E       F      G
               +--------+--------+--------+--------+--------+-----+--------+
         Total |    551 |    551 |      0 |      0 |    447 |   1 |  551.0 |
       Dungeon |    551 |    551 |      0 |      0 |    447 |   1 |  551.0 |
               +--------+--------+--------+--------+--------+-----+--------+

Top non-repeatable levels by time:
     D:1: 551 daAuts
